 Dungeon Crawl Stone Soup version 0.31-a0-986-g5e6e4ef867 (webtiles) character file.

Game seed: 18273350751182876599

10339 IdlyInterested the Fighter (level 11, 0/99 HPs)
             Began as a Demonspawn Monk on Nov 16, 2023.
             Slain by a cyclops (11 damage)
             ... on level 12 of the Dungeon.
             The game lasted 00:29:50 (10460 turns).

IdlyInterested the Fighter (Demonspawn Monk)       Turns: 10460, Time: 00:29:50

Health: 0/99       AC: 21    Str: 18    XL:     11   Next: 34%
Magic:  11/11      EV: 11    Int: 12    God:
Gold:   769        SH:  6    Dex: 20    Spells: 10/10 levels left

rFire   . . .        a - +3 flail (protect)
rCold   . . .        d - orb {light}
rNeg    + . .        B - +2 chain mail "Emmat" {Str+3 Dex+4}
rPois   .            h - +0 helmet
rElec   .            L - scarf {shadows}
rCorr   .            x - +0 pair of gloves
SInv    .            (no boots)
Will    +....        (no amulet) Stlth
                     A - ring of willpower
HPRegen 0.36/turn    Z - ring of positive energy
MPRegen 0.12/turn

%: no passive effects
@: under a protective aura, glowing
A: large bone plates 2, demonic guardian 2, spiny 1
a: no special abilities


You were on level 12 of the Dungeon.
You visited 2 branches of the dungeon, and saw 13 of its levels.

You collected 769 gold pieces.

Inventory:

Hand Weapons
 a - a +3 flail of protection (weapon)
 f - a +0 flail
 s - a +1 flail of draining
 H - a +0 rapier
 K - a +2 dagger of venom
 Q - a +0 falchion of electrocution
 R - a +2 hand axe
 S - a +3 long sword
Missiles
 b - 5 poisoned darts
 c - 3 boomerangs
 g - 41 stones (quivered)
 v - a throwing net
Armour
 d - an orb of light (worn)
 h - a +0 helmet (worn)
 q - a +3 scale mail
 t - a +0 ring mail of fire resistance
 x - a +0 pair of gloves (worn)
 B - the +2 chain mail "Emmat" (worn) {Str+3 Dex+4}
   (You took it off an orc on level 6 of the Dungeon)

   Str+3:     It affects your strength (+3).
   Dex+4:     It affects your dexterity (+4).
 C - the +3 ring mail "Iryilamp" {Str+3}
   (You found it on level 6 of the Dungeon)

   Str+3:     It affects your strength (+3).
 L - a scarf of shadows (worn)
 N - +0 steam dragon scales
 O - a +3 chain mail
 U - a +0 troll leather armour
Magical Staves
 X - a staff of poison
Jewellery
 A - a ring of willpower (left hand)
 J - a ring of wizardry
 T - a ring of fire
 Z - a ring of positive energy (right hand)
Talismans
 l - a maw talisman
Wands
 n - a wand of flame (21)
 r - a wand of polymorph (14)
 G - a wand of quicksilver (6)
 V - a wand of mindburst (10)
 Y - a wand of digging (5)
Scrolls
 e - 3 scrolls of fog
 k - a scroll of torment
 o - 6 scrolls of teleportation
 p - a scroll of poison
 w - 2 scrolls of enchant armour
 y - 2 scrolls of immolation
 E - a scroll of identify
 M - 2 scrolls of enchant weapon
Potions
 i - a potion of berserk rage {unknown}
 j - a potion of ambrosia
 m - a potion of curing {unknown}
 u - a potion of might
 z - 2 potions of heal wounds
 D - 2 potions of lignification {unknown}
 F - a potion of invisibility {unknown}
 I - a potion of haste {unknown}
 P - a potion of enlightenment {unknown}
 W - a potion of brilliance {unknown}


   Skills:
 + Level 13.7 Fighting
 - Level 6.0 Maces & Flails
 - Level 3.0 Throwing
 - Level 6.0 Armour
 - Level 6.0 Dodging
 + Level 2.0 Stealth
 - Level 2.0 Evocations
 - Level 2.0 Shapeshifting


You had 10 spell levels left.
You didn't know any spells.
Your spell library contained the following spells:

 Spells                   Type           Power      Damage    Failure   Level
 Freeze                   Ice            0%         1d3       95%         1
 Slow                     Hex            0%         N/A       95%         1
 Lesser Beckoning         Tloc           0%         N/A       99%         2
 Scorch                   Fire           0%         2d5       99%         2
 Confusing Touch          Hex            0%         N/A       100%        3
 Frozen Ramparts          Ice            0%         1d1       100%        3
 Gell's Gravitas          Tloc           0%         N/A       100%        3
 Hailstorm                Conj/Ice       0%         3d3       100%        3
 Sigil of Binding         Hex            0%         N/A       100%        3
 Teleport Other           Tloc           0%         N/A       100%        3
 Vampiric Draining        Necr           0%         2d6       100%        3
 Flame Wave               Conj/Fire      0%         2d4       100%        4
 Leda's Liquefaction      Hex/Erth       0%         N/A       100%        4
 Manifold Assault         Tloc           0%         N/A       100%        4
 Iskenderun's Battlesphe  Conj           0%         2d6       100%        5
 Lee's Rapid Deconstruct  Erth           0%         3d4*      100%        5
 Bombard                  Conj/Erth      0%         9d1       100%        6
 Dispersal                Tloc           0%         N/A       100%        6
 Summon Cactus Giant      Summ           0%         N/A       100%        6
 Spellforged Servitor     Conj/Summ      0%         N/A       100%        7
 Disjunction              Tloc           0%         N/A       100%        8


Dungeon Overview and Level Annotations

Branches:
Dungeon (12/15)            Temple (1/1) D:7            Lair (0/5) D:8
    Orc (0/2) D:11

Altars:
Ashenzari
Cheibriados
Dithmenos
Fedhas
Gozag
Hepliaklqana
Kikubaaqudgha
Makhleb
Nemelex Xobeh
Okawaru
Qazlal
Ru
Sif Muna
Trog
Uskayaw
Vehumet
Wu Jian
Xom
Yredelemnul

Shops:
D:1 =   D:2 *   D:4 !   D:7 (   D:8 (


Innate Abilities, Weirdness & Mutations

You are mostly covered in large bone plates. (SH +6)
A demonic guardian rushes to your aid.
You are partially covered in sharp spines.


Message History

A cyclops comes into view.
The cyclops shouts!
You see here a scroll labelled CIXKUIC ETOFATH.
You can't carry that many items.
A cyclops comes into view.
The cyclops shouts!
The cyclops is struck by your spines. The cyclops hits you!
You hit the cyclops but do no damage.
Your weapon exudes an aura of protection.
The cyclops is lightly wounded.
You hit the cyclops.
The cyclops is lightly wounded.
You block the cyclops's attack.
The cyclops throws a large rock.
You block the large rock.
You sock the cyclops!
The cyclops is moderately wounded.
You block the cyclops's attack.
The cyclops throws a large rock.
The large rock hits you!!
* * * LOW HITPOINT WARNING * * *
A demonic guardian appears!
You hit the cyclops.
The cyclops is moderately wounded.
The cyclops is struck by your spines. The cyclops hits you.
* * * LOW HITPOINT WARNING * * *
You hit the cyclops but do no damage.
The cyclops is moderately wounded.
The cyclops is struck by your spines.
The cyclops hits you but does no damage.
You sock the cyclops!
The cyclops is heavily wounded.
Your ice devil barely misses the cyclops.
You hit the cyclops but do no damage.
The cyclops is heavily wounded.
The cyclops hits you but does no damage.
Your ice devil hits the cyclops!
Your ice devil freezes the cyclops!
The cyclops dies!
Training target 3.0 for Throwing reached!
Your Throwing skill increases to level 3!
The cyclops is struck by your spines. The cyclops hits you!
You die...

###.#...# #.......###
# ####.#.......# #
#............####
###.##.#.......##.. #
#............## #.#
#.##.....##.#...# #..
#..(.4......##(## ##.
####<@?..#####.######.
#..C..# #........
#.....# #########
#.<..[# #.......
#........ ......###


You could see a cyclops (ally target) and a friendly ice devil (summoned).

Vanquished Creatures
  A two-headed ogre (D:12)
  A cyclops (D:12)
  A manticore (D:11)
  A komodo dragon (D:11)
  3 trolls
  3 shadows
  6 yaks
  A wyvern (D:9)
  2 steam dragons
  Edmund (D:4)
  2 acid dragons
  4 water moccasins
  9 orc warriors
  3 black bears
  2 sky beasts (D:7)
  An ice beast (D:5)
  An ogre (D:6)
  5 centaurs
  2 phantoms (D:5)
  A kobold brigand (D:9)
  A scorpion (D:7)
  4 wights (D:10)
  3 howler monkeys
  4 jellies
  3 orc priests
  A gnoll bouda (D:8)
  3 iguanas (D:6)
  5 orc wizards
  Ijyb (D:4)
  Natasha (thrice) (D:4)
  15 gnolls
  2 adders
  A white imp (D:7)
  4 ufetubi
  27 orcs
  5 endoplasms
  4 giant cockroaches
  A goblin (D:2)
  2 hobgoblins (D:1)
  14 jackals
  2 quokkas
  4 ball pythons
  3 bats (D:1)
  3 frilled lizards
  7 kobolds
  4 rats
176 creatures vanquished.

Vanquished Creatures (collateral kills)
  An ugly thing (D:11)
  A cyclops (D:12)
  A guardian serpent (D:11)
  6 yaks
  A steam dragon (D:9)
  An acid dragon (D:9)
  A black bear (D:7)
  A wight (D:10)
  2 gnolls
  2 orcs
17 creatures vanquished.

Grand Total: 193 creatures vanquished

Notes
Turn   | Place    | Note
-------+----------+-------------------------------------------
     0 | D:1      | IdlyInterested the Demonspawn Monk began the quest for the
                  | Orb.
     0 | D:1      | Reached XP level 1. HP: 18/18 MP: 1/1
   182 | D:1      | Found Izudemn's Jewellery Shoppe.
   417 | D:1      | Gained mutation: You are partially covered in large bone
                  | plates. (SH +4) [demonic ancestry]
   417 | D:1      | Reached XP level 2. HP: 24/24 MP: 2/2
  1575 | D:2      | Found Bubleurr's General Store.
  2142 | D:3      | Reached skill level 1 in Armour
  2146 | D:3      | Gained mutation: A weak demonic guardian rushes to your
                  | aid. [demonic ancestry]
  2146 | D:3      | Reached XP level 3. HP: 21/30 MP: 3/3
  2611 | D:3      | Reached skill level 1 in Stealth
  3016 | D:4      | Reached skill level 4 in Fighting
  3137 | D:4      | Noticed Natasha
  3144 | D:4      | Killed Natasha
  3145 | D:4      | Reached skill level 1 in Evocations
  3145 | D:4      | Reached XP level 4. HP: 30/37 MP: 4/4
  3286 | D:4      | Noticed Natasha
  3294 | D:4      | Killed Natasha
  3310 | D:4      | Noticed Natasha
  3318 | D:4      | Killed Natasha
  3319 | D:4      | Reached skill level 1 in Shapeshifting
  3335 | D:4      | Noticed Edmund
  3355 | D:4      | Killed Edmund
  3356 | D:4      | Reached skill level 5 in Fighting
  3356 | D:4      | Reached XP level 5. HP: 27/46 MP: 5/5
  3470 | D:4      | Reached XP level 6. HP: 50/52 MP: 6/6
  3491 | D:4      | Noticed Ijyb
  3502 | D:4      | Killed Ijyb
  3503 | D:4      | Reached skill level 6 in Fighting
  3577 | D:4      | Found Qohel's Distillery.
  3689 | D:4      | Noticed a water moccasin
  3713 | D:4      | Killed a water moccasin
  3747 | D:5      | Entered Level 5 of the Dungeon
  3752 | D:5      | Noticed a water moccasin
  3763 | D:5      | Killed a water moccasin
  3764 | D:5      | Reached XP level 7. HP: 28/59 MP: 7/7
  3775 | D:5      | Reached skill level 7 in Fighting
  3823 | D:5      | Gained mutation: A demonic guardian rushes to your aid.
                  | [demonic ancestry]
  3823 | D:5      | Reached XP level 8. HP: 33/68 MP: 8/8
  3830 | D:5      | Reached skill level 8 in Fighting
  4287 | D:6      | Identified the +2 chain mail "Emmat" {Str+3 Dex+4}
  4504 | D:6      | Identified the +3 ring mail "Iryilamp" {Str+3}
  4959 | D:6      | Reached skill level 9 in Fighting
  5207 | D:7      | Reached skill level 1 in Throwing
  5258 | D:7      | HP: 3/71 [gnoll/+0 halberd (7)]
  5494 | D:7      | Found Anesom's Weapon Emporium.
  5554 | D:7      | Gained mutation: You are mostly covered in large bone
                  | plates. (SH +6) [demonic ancestry]
  5554 | D:7      | Reached XP level 9. HP: 77/77 MP: 9/9
  5567 | D:7      | Found a staircase to the Ecumenical Temple.
  5575 | D:7      | Found a blossoming altar of Fedhas.
  5744 | Temple   | Entered the Ecumenical Temple
  5803 | D:8      | Found a broken altar of Ashenzari.
  5854 | D:8      | Found Guxzopo's Antique Weapon Shop.
  6237 | D:8      | Reached skill level 10 in Fighting
  6369 | D:8      | Found a staircase to the Lair.
  7342 | D:9      | Reached skill level 5 in Maces & Flails
  7345 | D:9      | Reached skill level 11 in Fighting
  7732 | D:10     | Entered Level 10 of the Dungeon
  7948 | D:10     | Reached XP level 10. HP: 69/88 MP: 10/10
  8453 | D:10     | Reached skill level 5 in Armour
  8664 | D:10     | Reached skill level 12 in Fighting
  8827 | D:11     | Noticed a guardian serpent
  8836 | D:11     | Killed a guardian serpent
  8988 | D:11     | Noticed a manticore
  9001 | D:11     | Killed a manticore
  9409 | D:11     | Noticed a white ugly thing
  9422 | D:11     | Killed a white ugly thing
  9538 | D:11     | Reached skill level 5 in Dodging
  9563 | D:11     | Reached skill level 13 in Fighting
  9563 | D:11     | Gained mutation: You are partially covered in sharp spines.
                  | [demonic ancestry]
  9563 | D:11     | Reached XP level 11. HP: 84/98 MP: 11/11
  9952 | D:11     | Found a staircase to the Orcish Mines.
 10346 | D:12     | Noticed a two-headed ogre
 10355 | D:12     | Killed a two-headed ogre
 10460 | D:12     | Slain by a cyclops

Illustrated notes

Levels and vault maps discovered:
D:1:      ebering_hopf_link, layout_basic, serial_shops,
          nicolae_shop_window_shopping, serial_co_window_serial,
          co_window_corner_a, co_window_of_opportunity_a, co_window_corner_a,
          co_window_paths_a, co_window_paths_a, co_window_corner_a,
          co_window_broadway_c, co_window_unsneaky_path_d,
          co_window_of_opportunity_b, co_window_broadway_b, co_window_corner_cb,
          co_window_corner_cb
D:2:      layout_basic, serial_shops, nicolae_shop_tiny_waterfront
D:3:      layout_basic, nicolae_tso_carved_into_rock,
          minmay_fractal_squares_gapless_5
D:4:      layout_rooms, serial_shops, nicolae_shop_peninsula,
          hangedman_decor_growths, uniq_edmund, uniq_ijyb, uniq_natasha
D:5:      layout_rooms
D:6:      layout_loops_cross
D:7:      layout_cave_pools, mainiacjoe_overflow_catch_the_wave, temple_pool_b,
          serial_shops, nicolae_shop_bloodbath_and_beyond
D:8:      layout_basic, cheibrodos_ashenzari_chains, lair_entry_dummy,
          serial_shops, nicolae_shop_hallway_stairs
D:9:      layout_roguey
D:10:     layout_loops_ring
D:11:     layout_roguey, kennysheep_orc_monster_closet_entryway,
          nrook_guardian_serpent_ordinary
D:12:     layout_loops_ring, gauntlet_entry_generic
Temple:   eino_narrow_crystal_temple

Skill      XL: |  1  2  3  4  5  6  7  8  9 10 11 |
---------------+----------------------------------+-----
Dodging        | 3 4 5 6 |  6.0
Armour         | 1 3 4 6 |  6.0
Stealth        | 1 2 |  2.0
Fighting       | 4 5 6 7 9 11 13 | 13.7
Evocations     | 1 2 |  2.0
Shapeshifting  | 1 2 |  2.0
Maces & Flails | 3 4 5 6 |  6.0
Throwing       | 2 3 |  3.0

Action                     |  1- 3 |  4- 6 |  7- 9 | 10-12 || total
---------------------------+-------+-------+-------+-------++-------
  Melee: Mace              |    78 |       |       |       ||    78
         Flail             |    29 |    92 |   313 |   216 ||   650
         Unarmed           |       |     5 |       |       ||     5
  Throw: Stone             |       |     9 |    21 |     8 ||    38
  Evoke: Wand              |       |       |       |     2 ||     2
    Use: Scroll            |     2 |       |     5 |       ||     7
         Potion            |       |     1 |     6 |     1 ||     8
   Stab: Distracted        |     1 |       |     1 |     1 ||     3
 Armour: Robe              |    25 |       |       |       ||    25
         Ring mail         |    27 |       |       |       ||    27
         Scale mail        |    14 |    71 |    91 |       ||   176
         Skin              |       |     2 |       |       ||     2
         Chain mail        |       |       |   300 |   192 ||   492
  Dodge: Dodged            |    87 |    61 |   218 |   113 ||   479
  Block: Orb               |    22 |    16 |   110 |    77 ||   225

Table legend: (Time is in decaauts)
 A = Elapsed time spent in this place.
 B = Non-inter-level travel time spent in this place.
 C = Inter-level travel time spent in this place.
 D = Time resting spent in this place.
 E = Time spent auto-exploring this place.
 F = Levels seen in this place.
 G = Mean time per level.
                   A        B        C        D        E       F      G
               +--------+--------+--------+--------+--------+-----+--------+
         Total |  10608 |   9763 |    845 |   2079 |   5378 |  13 |  816.0 |
       Dungeon |  10606 |   9761 |    845 |   2079 |   5378 |  12 |  883.8 |
        Temple |      1 |      1 |      0 |      0 |      0 |   1 |    1.0 |
               +--------+--------+--------+--------+--------+-----+--------+

Top non-repeatable levels by time:
    D:11: 1420 daAuts
     D:1: 1267 daAuts
    D:10: 1114 daAuts
     D:8: 1086 daAuts
     D:9: 923 daAuts
     D:2: 913 daAuts
     D:6: 872 daAuts
     D:3: 851 daAuts
     D:4: 793 daAuts
     D:7: 686 daAuts
     D:5: 537 daAuts
    D:12: 141 daAuts
  Temple: 1 daAuts
